 Dungeon Crawl Stone Soup version 0.29-a0-870-g2c972031a6 (webtiles) character file.

Game seed: 10039649527273792392

590 doricub5 the Fighter (level 7, 0/68 HPs)
             Began as a Minotaur Fighter on July 17, 2022.
             Succumbed to a water moccasin's poison
             ... on level 5 of the Dungeon.
             The game lasted 00:22:05 (3052 turns).

doricub5 the Fighter (Minotaur Fighter)             Turns: 3052, Time: 00:22:05

Health: 0/68       AC: 11    Str: 22    XL:     7   Next: 16%
Magic:  6/6        EV:  7    Int:  5    God:
Gold:   186        SH:  4    Dex: 10    Spells: 6/6 levels left

rFire   . . .      SeeInvis .   y - +2 whip (venom)
rCold   . . .      Faith    .   c - +0 buckler
rNeg    . . .      Spirit   .   j - +0 chain mail
rPois   .          Reflect  .   (helmet restricted)
rElec   .          Harm     .   (no cloak)
rCorr   .          Rampage  .   i - +0 pair of gloves
Will    .....                   (no boots)
Stlth   ..........              (no amulet)
HPRegen 0.21/turn               (no ring)
MPRegen 0.10/turn               (no ring)

@: brilliant, lethally poisoned (0 -> -9)
A: horns 2, retaliatory headbutt
a: no special abilities


You were on level 5 of the Dungeon.
You visited 1 branch of the dungeon, and saw 5 of its levels.

You collected 186 gold pieces.

Inventory:

Hand Weapons
 a - a +0 war axe
 p - a +1 whip of freezing
 q - a +1 hand axe of venom
 x - a +0 long sword
 y - a +2 whip of venom (weapon)
Missiles
 d - 9 boomerangs (quivered)
Armour
 c - a +0 buckler (worn)
 i - a +0 pair of gloves (worn)
 j - a +0 chain mail (worn)
Wands
 s - a wand of flame (15)
 w - a wand of mindburst (10)
Scrolls
 b - 2 scrolls of enchant armour
 e - a scroll of noise {unknown}
 f - 2 scrolls of blinking {unknown}
 h - a scroll of poison
 l - 4 scrolls of amnesia
 m - a scroll of immolation {unknown}
 n - a scroll of fog {unknown}
 r - a scroll of enchant weapon {unknown}
 t - a scroll of acquirement {unknown}
 u - a scroll of magic mapping {unknown}
Potions
 g - a potion of attraction
 k - 3 potions of flight


   Skills:
 * Level 8.1 Fighting
 - Level 2.4(2.9) Axes
 + Level 2.4(2.9) Maces & Flails
 + Level 6.2 Armour
 - Level 3.6 Shields


You had 6 spell levels left.
You didn't know any spells.
Your spell library contained the following spells:

 Spells                   Type           Power      Damage    Failure   Level
 Sting                    Tmut/Pois      0%         1d3       99%         1
 Frozen Ramparts          Ice            0%         1d2       100%        3
 Ice Form                 Ice/Tmut       0%         N/A       100%        4
 Summon Ice Beast         Ice/Summ       0%         N/A       100%        4


Dungeon Overview and Level Annotations

Branches:
Dungeon (5/15)
 Temple: D:4-7

Altars:
Elyvilon
Xom
Yredelemnul

Shops:
D:4 :


Innate Abilities, Weirdness & Mutations

You have a pair of horns on your head.
You reflexively headbutt those who attack you in melee.


Message History

Unknown command.
You are too confused!
The water moccasin attacks as you move away!
The water moccasin bites you.
You feel very sick.
The water moccasin bites you but does no damage.
The water moccasin attacks as you move away!
The water moccasin bites you.
You are more poisoned.
The water moccasin poisons you!
You feel less invigorated.
You feel less confused.
You feel very sick.
You feel very sick.
You feel very sick.
The water moccasin bites you but does no damage.
You feel very sick.
You feel very sick.
The water moccasin bites you but does no damage.
The water moccasin attacks as you move away!
The water moccasin bites you. The adder attacks as you move away!
The adder bites you but does no damage.
You feel sick.
You feel sick.
You feel sick.
It was a potion of brilliance.
You feel clever all of a sudden.
You feel sick.
The water moccasin bites you but does no damage.
The water moccasin bites you!
* * * LOW HITPOINT WARNING * * *
You are lethally poisoned!
The water moccasin poisons you!
* * * LOW HITPOINT WARNING * * *
You feel very sick.
The water moccasin attacks as you move away!
The water moccasin bites you.
* * * LOW HITPOINT WARNING * * *
x2 You feel very sick.
* * * LOW HITPOINT WARNING * * *
You feel very sick.
You die...

#...### #####...# .#
####)### #.. #.
####....# #.# ..
#....#### #########.#
.# ####...##
#.........# .### ###..#
#.........####..g.
##.#####..............#
#....##)..gg.....##g.#
####...@.SS..g...#..##
###.)..######....#
#.#### #....# ###
#........ #....####
#....# #....# #....#
######


You could see a water moccasin, 3 gnolls and an adder.

Vanquished Creatures
  Sigmund (D:2)
  An ogre (D:4)
  A hound (D:4)
  A jelly (D:5)
  A gnoll bouda (D:5)
  An orc priest (D:3)
  Terence (D:2)
  2 adders (D:3)
  4 gnolls (D:5)
  A white imp (D:4)
  3 worms
  A dart slug (D:3)
  16 orcs
  9 bats
  8 endoplasms
  2 giant cockroaches
  9 goblins
  5 hobgoblins
  9 jackals
  5 kobolds
  3 quokkas
  4 ball pythons
  3 frilled lizards
  5 rats
96 creatures vanquished.

Notes
Turn   | Place    | Note
-------+----------+-------------------------------------------
     0 | D:1      | doricub5 the Minotaur Fighter began the quest for the Orb.
     0 | D:1      | Reached XP level 1. HP: 19/19 MP: 0/0
    62 | D:1      | Reached skill level 4 in Fighting
    95 | D:1      | Reached XP level 2. HP: 25/27 MP: 1/1
   634 | D:1      | Reached XP level 3. HP: 34/34 MP: 2/2
   804 | D:2      | Found a faded altar of an unknown god.
   812 | D:2      | Got Plato's Catalogue of Filth
   918 | D:2      | Reached skill level 5 in Fighting
   931 | D:2      | Noticed Sigmund
   944 | D:2      | Killed Sigmund
   945 | D:2      | Reached skill level 6 in Fighting
   945 | D:2      | Reached skill level 5 in Armour
   945 | D:2      | Reached XP level 4. HP: 45/45 MP: 3/3
   945 | D:2      | Reached XP level 5. HP: 51/51 MP: 4/4
  1051 | D:2      | Noticed Terence
  1062 | D:2      | Killed Terence
  1579 | D:3      | Reached skill level 7 in Fighting
  1581 | D:3      | Reached XP level 6. HP: 57/60 MP: 5/5
  1734 | D:3      | Found a shimmering altar of Xom.
  2115 | D:4      | Reached skill level 1 in Maces & Flails
  2158 | D:4      | Found Eczaurhe's Self-Improvement Boutique.
  2382 | D:4      | Found a basalt altar of Yredelemnul.
  2557 | D:4      | Found a white marble altar of Elyvilon.
  2903 | D:5      | Entered Level 5 of the Dungeon
  2952 | D:5      | Reached XP level 7. HP: 67/67 MP: 6/6
  2955 | D:5      | Reached skill level 8 in Fighting
  3051 | D:5      | HP: 2/68 [poisoned by a water moccasin]
  3052 | D:5      | Succumbed to a water moccasin's poison

Illustrated notes

Levels and vault maps discovered:
D:1:      amcnicky_arrival_choice, layout_loops_ring
D:2:      layout_rooms, shapermc_ecumenical_altar_rom_forum, uniq_sigmund,
          uniq_terence
D:3:      layout_rooms, mainiacjoe_overflow_surrounded_room
D:4:      layout_basic, kennysheep_ying_yang, nicolae_shop_self_help
D:5:      layout_rooms, general_overflow_altar, uniq_duvessa

Skill      XL: |  1  2  3  4  5  6  7 |
---------------+----------------------+-----
Fighting       | 4 6 7 8 |  8.1
Armour         | 4 5 6 |  6.2
Maces & Flails | 2 |  2.4
Axes           | |  2.4
Shields        | |  3.6

Action                   |  1- 3 |  4- 6 |  7- 9 || total
-------------------------+-------+-------+-------++-------
Melee: War axe           |    73 |    77 |       ||   150
       Headbutt          |     8 |    16 |     2 ||    26
       Whip              |       |    63 |     7 ||    70
Throw: Boomerang         |       |     3 |       ||     3
Evoke: Wand              |       |     5 |     2 ||     7
  Use: Scroll            |     2 |     4 |       ||     6
       Potion            |     2 |       |     2 ||     4
Armor: Scale mail        |    12 |       |       ||    12
       Chain mail        |    26 |   112 |     8 ||   146
Dodge: Dodged            |    43 |    56 |     3 ||   102
Block: Buckler           |    16 |    33 |     2 ||    51

Table legend: (Time is in decaauts)
 A = Elapsed time spent in this place.
 B = Non-inter-level travel time spent in this place.
 C = Inter-level travel time spent in this place.
 D = Time resting spent in this place.
 E = Time spent auto-exploring this place.
 F = Levels seen in this place.
 G = Mean time per level.
                   A        B        C        D        E       F      G
               +--------+--------+--------+--------+--------+-----+--------+
         Total |   3101 |   3101 |      0 |      0 |   2016 |   5 |  620.2 |
       Dungeon |   3101 |   3101 |      0 |      0 |   2016 |   5 |  620.2 |
               +--------+--------+--------+--------+--------+-----+--------+

Top non-repeatable levels by time:
     D:4: 880 daAuts
     D:1: 791 daAuts
     D:3: 669 daAuts
     D:2: 610 daAuts
     D:5: 149 daAuts
